Description

Vibes´s Bronze to GM Protoss Build (1st Game) Look out for Fixing you Eco from time to time. Solid Beginner Guide. I hope everything is good 2 go.

Build Order

Get SALT Encoding   

  12  0:01  Probe  DONT STOP until 70-80 Probes Supply
  14  0:18  Pylon  First Probe that comes out of the Nexus
  16  0:40  Gateway  Second Probe that comes out of the Nexus
  16  0:43  Probe (Chrono Boost)  Crono Nexus
  18  0:59  Assimilator  
  19  1:11  Gateway  When 1rst Gateway is ~80% done
  21  1:29  Cybernetics Core  When 1rst Gateway is done
  21  1:35  Assimilator  
  22  1:37  Pylon  
  23  2:03  Probe  Rally Point to Natural
  23  2:06  Stalker x2  Start Warpgate upgrade
  28  2:27  Nexus  At Natural
  30  2:47  Pylon  At Natural
  32  3:10  Stalker x2  Crono Nexus After Lining them in
  36  3:15  Pylon  
  39  3:38  Robotics Facility  
  43  3:58  Stalker x2  
  50  4:08  Pylon  
  51  4:20  Nexus  3rd
  56  4:31  Observer  
  56  4:40  Assimilator x2  at Natural
  62  5:10  Pylon x3  
  64  5:20  Stalker x2  
  68  5:22  Immortal  
  74  5:30  Gateway x4  
  77  5:50  Forge  
  80  5:53  Pylon  
  80  6:00  Assimilator x2  @3rd
  83  6:05  Pylon  @3rd
  86  6:20  Stalker x2  
  90  6:21  Immortal  
  94  6:26  Protoss Ground Weapons Level 1  
  94  6:53  Stalker x6  
  110  7:00  Nexus  @4th
  110  7:01  Pylon  @4th
  112  7:05  Assimilator x2  @4th
  116  7:30  Pylon  
  125  8:15  Pylon x7, Stalker  max
  126  8:00  Pylon  Max out supply
  130  8:05  Twilight Council  
  130  8:20  Gateway x8  
Spawning Tool Build Advisor. Get it on Overwolf

Analysis

Vibes B2GM Eco/Stalker/Immo Guide

Go to:

Details

  • Created by: Lowlex
  • Published on: Jan 08, 2020
  • Modified on: Jan 08, 2020
  • Patch: 4.11.0
Show
View Real Time Build Order
Export as new Build Order

Comments (0)

There are no comments. Be the first!

Create an account to comment!